Sewer Rats vs Influenza (R1)

Created - 31 mai 2016 at 20:07

Goals
1 2 3 T
Sewer Rats 2 2 1 5
Influenza 4 0 4 8
Shots
1 2 3 T
Sewer Rats 7 15 8 30
Influenza 16 3 21 40

1st period

1. Influenza , Martins Karsums 15 (Noah Welch, Robbie Earl) at 7:52
2. Sewer Rats , Mark Mancari 14 (Kyle Turris, Matt Lashoff) at 8:29
3. Influenza , Martins Karsums 16 (Ryan Carter, Robbie Earl) at 10:27
4. Sewer Rats , Lars Eller 15 (Jared Boll, Jonathan Paiement) at 11:23
5. Influenza , Ryan Carter 18 (Robbie Earl, Martins Karsums) at 11:37
6. Influenza , Martins Karsums 17 (Ryan Carter) at 13:25

Penalties :
Carl Gunnarsson (VJB) for Hooking (Minor) at 1:54, Matt Corrente (VJB) for Slashing (Minor) at 19:06, Robbie Earl (VJB) for Hooking (Minor) at 19:28

2nd period

7. Sewer Rats , Ville Leino 21 (Peter Mueller, Nick Palmieri) at 1:33
8. Sewer Rats , Lars Eller 16 (Patrick Bordeleau) at 6:09

Penalties :
Ben Smith (VJB) for Slashing (Minor) at 4:01, Ryan Carter (VJB) for Holding (Minor) at 9:13, Kyle Turris (Tol) for Interference (Minor) at 15:31

3rd period

9. Sewer Rats , Peter Mueller 11 (Mark Mancari) at 1:30
10. Influenza , Ryan Carter 19 (Noah Welch, Robbie Earl) at 4:42
11. Influenza , Martins Karsums 18 (Ryan Carter) at 9:30
12. Influenza , T.J Galiardi 8 (Evgeny Grachev, Carl Gunnarsson) at 12:13
13. Influenza , Evgeny Grachev 4 (T.J Galiardi, Robbie Earl) at 15:44

Penalties :
Mathieu Carle (VJB) for Slashing (Minor) at 12:30, Nick Palmieri (Tol) for Interference (Minor) at 16:25, Kyle Quincey (Tol) for Holding (Minor) at 18:26

Goalie Stats

Martin Biron (Tol), 8 saves from 12 shots - (0,667), 13:25 minutes
Richard Bachman (Tol), 24 saves from 28 shots - (0,857), L, 1-6-1, 46:35 minutes
Alex Stalock (VJB), 25 saves from 30 shots - (0,833), W, 13-3-0, 60:00 minutes

Players Stats for Sewer Rats

Player Name              G  A  P  +/- PIM S  H  SB GA TA FO     MP     PP MP  PK MP  
------------------------------------------------------------------------------------
Derek Dorsett            0  0  0   0  0   1  0  0  0  0  0/0     6:39   0:01   0:00 
Jared Boll               0  1  1   0  0   1  2  0  0  0  1/1     9:25   0:01   0:00 
John-Michael Liles       0  0  0  -4  0   3  1  0  0  1  0/0    27:05   7:07   3:12 
Jonathan Marchessault    0  0  0   0  0   1  0  0  0  0  0/4     6:30   0:01   0:00 
Jonathan Paiement        0  1  1   2  0   0  1  3  0  0  0/0    10:24   0:00   0:53 
Kyle Quincey             0  0  0  -1  2   0  1  0  0  1  0/0    18:52   3:10   1:27 
Kyle Turris              0  1  1   0  2   3  1  1  0  0  8/15   18:11   4:00   0:38 
Lars Eller               2  0  2   0  0   4  3  0  1  0  1/2    12:40   0:00   1:42 
Mark Mancari             1  1  2   0  0   2  2  0  0  0  0/0    16:48   4:00   1:02 
Matt Lashoff             0  1  1  -1  0   0  2  1  0  2  0/0    19:46   3:10   2:20 
Mattias Ekholm           0  0  0   0  0   0  0  0  0  0  0/0     3:38   0:00   0:00 
Mike Funk                0  0  0   0  0   0  0  0  0  0  0/0     3:38   0:00   0:00 
Nick Palmieri            0  1  1  -3  2   2  1  1  0  0  0/1    23:10   6:16   1:57 
Patrick Bordeleau        0  1  1   0  0   0  0  0  0  1  0/0     9:00   0:00   0:00 
Peter Mueller            1  1  2  -3  0   4  2  0  1  0  20/35  22:16   6:16   1:02 
Steven Kampfer           0  0  0   2  0   1  0  1  0  1  0/0     9:31   0:00   0:00 
Tim Ramholt              0  0  0  -4  0   0  1  2  0  0  0/0    27:05   7:07   3:12 
Tom Sestito              0  0  0   0  0   0  0  1  0  0  0/0     6:53   0:00   0:42 
Ville Leino              1  0  1  -3  0   5  2  0  1  0  3/7    25:58   6:16   2:54 
Vojtech Polak            0  0  0   0  0   3  1  0  2  0  0/0    16:55   4:00   1:07 

Players Stats for Influenza

Player Name              G  A  P  +/- PIM S  H  SB GA TA FO     MP     PP MP  PK MP  
------------------------------------------------------------------------------------
Ben Smith                0  0  0   0  2   5  3  0  0  0  0/0    17:06   2:39   1:44 
Brian Salcido            0  0  0   2  0   0  0  0  0  1  0/0    11:03   0:00   2:02 
Carl Gunnarsson          0  1  1   2  2   1  0  0  0  0  0/0     9:49   0:00   0:13 
Charlie Coyle            0  0  0  -1  0   0  0  0  0  0  1/3     7:54   0:00   1:48 
Corey Tropp              0  0  0  -1  0   1  0  0  0  1  0/0     5:44   0:00   0:00 
Evgeny Grachev           1  1  2  -1  0   4  3  0  1  0  3/8    12:50   0:00   3:35 
Jamie Benn               0  0  0   0  0   2  2  0  0  0  0/0    16:58   2:39   1:37 
Jeremy Morin             0  0  0   0  0   0  2  0  0  0  0/0     8:25   0:00   0:00 
John Klingberg           0  0  0   1  0   2  1  3  0  0  0/0    20:50   2:22   4:44 
Martins Karsums          4  1  5   5  0   6  2  2  1  0  2/3    21:27   2:53   2:23 
Mathieu Carle            0  0  0   0  2   2  1  1  0  1  0/0    28:54   3:10   4:34 
Matt Corrente            0  0  0   1  2   3  1  1  1  0  0/0    20:05   2:22   3:26 
Noah Welch               0  2  2   0  0   1  3  1  1  1  0/0    29:43   3:10   5:41 
Robbie Earl              0  5  5   4  2   0  3  2  0  0  4/7    23:42   2:53   4:16 
Ryan Carter              2  3  5   4  2   6  0  2  1  1  15/29  23:23   2:53   3:13 
Ryan Russell             0  0  0  -1  0   2  0  0  0  0  0/0     5:58   0:00   0:14 
T.J Galiardi             1  1  2   0  0   4  0  0  0  0  0/0     8:51   0:00   0:00 
Zac Dalpe                0  0  0   0  0   1  0  0  1  0  7/15   15:18   2:39   0:00 

3 Stars

1 - Martins Karsums (VJB)
2 - Ryan Carter (VJB)
3 - Robbie Earl (VJB)

Power Play

Sewer Rats - 0 on 6 Attempt(s) - 0,00%
Influenza - 0 on 3 Attempt(s) - 0,00%

Penalty Kill

Sewer Rats - 3 on 3 Attempt(s) - 100,00% - Score 0 goal in Penalty Kill
Influenza - 6 on 6 Attempt(s) - 100,00% - Score 0 goal in Penalty Kill

Team Stat

Sewer Rats - Hits : 20 - Faceoff Wins : 33 - Blocked Shots : 10 - Penalty Minutes : 6
Influenza - Hits : 21 - Faceoff Wins : 32 - Blocked Shots : 12 - Penalty Minutes : 12

Official

Referees : Watson Brad and Charron Francis
Linesman : Derek Nansen and Brad Lazarowich

Game Notes

Martins Karsums has scored a Hat Trick!
Richard Bachman enters game at 13:25 of 1st period

Finance

Level 1 -- Attendance: 2000 (100,00%) -- Ticket Income 80 000 $
Level 2 -- Attendance: 1000 (100,00%) -- Ticket Income 20 000 $
Total Attendance: 3000 (100,00%)
Total Ticket Income: 100 000 $
Other Income: 5 000 $
Total Income: 105 000 $

Sewer Rats

5 vs 5 Forward 
   Center                   Left Wing                Right Wing               Time % Phy DF OF 
 1 Peter Mueller            Ville Leino              Nick Palmieri            40     1   2  2  
 2 Kyle Turris              Vojtech Polak            Mark Mancari             30     1   2  2  
 3 Lars Eller               Patrick Bordeleau        Jared Boll               20     1   2  2  
 4 Jonathan Marchessault    Tom Sestito              Derek Dorsett            10     1   2  2  

5 vs 5 Defense 
   Defense                  Defense                                           Time % Phy DF OF 
 1 Tim Ramholt              John-Michael Liles                                40     1   2  2  
 2 Matt Lashoff             Kyle Quincey                                      30     1   2  2  
 3 Steven Kampfer           Jonathan Paiement                                 20     1   2  2  
 4 Mattias Ekholm           Mike Funk                                         10     1   2  2  

PowerPlay Forward 
   Center                   Left Wing                Right Wing               Time % Phy DF OF 
 1 Peter Mueller            Ville Leino              Nick Palmieri            60     1   2  2  
 2 Kyle Turris              Vojtech Polak            Mark Mancari             40     1   2  2  

PowerPlay Defense
   Defense                  Defense                                           Time % Phy DF OF 
 1 Tim Ramholt              John-Michael Liles                                60     1   2  2  
 2 Matt Lashoff             Kyle Quincey                                      40     1   2  2  

Penalty Kill 4 Players Forward 
   Center                   Wing                     Time % Phy DF OF 
 1 Ville Leino              Nick Palmieri            60     1   2  2  
 2 Peter Mueller            Mark Mancari             40     1   2  2  

Penalty Kill 4 Players Defense
   Defense                  Defense                  Time % Phy DF OF 
 1 Tim Ramholt              John-Michael Liles       60     1   2  2  
 2 Matt Lashoff             Kyle Quincey             40     1   2  2  

Penalty Kill - 3 Players Forward 
   Forward                                           Time % Phy DF OF 
 1 Ville Leino                                       60     1   2  2  
 2 Nick Palmieri                                     40     1   2  2  

Penalty Kill - 3 Players Defense
   Defense                  Defense                  Time % Phy DF OF 
 1 Tim Ramholt              John-Michael Liles       60     1   2  2  
 2 Matt Lashoff             Kyle Quincey             40     1   2  2  

4 vs 4 Forward 
   Center                   Wing                     Time % Phy DF OF 
 1 Ville Leino              Nick Palmieri            60     1   2  2  
 2 Peter Mueller            Mark Mancari             40     1   2  2  

4 vs 4 Defense
   Defense                  Defense                  Time % Phy DF OF 
 1 Tim Ramholt              John-Michael Liles       60     1   2  2  
 2 Matt Lashoff             Kyle Quincey             40     1   2  2  

Last Minutes Offensive
   Center                   Left Wing                Right Wing               Defense                  Defense                  
   Peter Mueller            Ville Leino              Nick Palmieri            Tim Ramholt              John-Michael Liles       

Last Minutes Defensive
   Center                   Left Wing                Right Wing               Defense                  Defense                  
   Peter Mueller            Ville Leino              Nick Palmieri            Tim Ramholt              John-Michael Liles       

Goaltenders
Starting : Martin Biron             
Backup : Richard Bachman          

Extra Forwards
Normal : Jared Boll, Derek Dorsett, Lars Eller - PP : Jared Boll, Derek Dorsett - PK : Lars Eller
Extra Defensemen
Normal : Steven Kampfer, Jonathan Paiement, Mattias Ekholm - PP : Steven Kampfer - PK : Jonathan Paiement, Mattias Ekholm
Penalty Shots
Ville Leino, Nick Palmieri, Peter Mueller, Mark Mancari, Vojtech Polak

Influenza

5 vs 5 Forward 
   Center                   Left Wing                Right Wing               Time % Phy DF OF 
 1 Ryan Carter              Robbie Earl              Martins Karsums          40     1   2  2  
 2 Zac Dalpe                Jamie Benn               Ben Smith                30     1   2  2  
 3 Evgeny Grachev           T.J Galiardi             Jeremy Morin             20     1   2  2  
 4 Charlie Coyle            Ryan Russell             Corey Tropp              10     1   2  2  

5 vs 5 Defense 
   Defense                  Defense                                           Time % Phy DF OF 
 1 Noah Welch               Mathieu Carle                                     40     1   2  2  
 2 John Klingberg           Matt Corrente                                     30     1   2  2  
 3 Carl Gunnarsson          Brian Salcido                                     20     1   2  2  
 4 Noah Welch               Mathieu Carle                                     10     1   2  2  

PowerPlay Forward 
   Center                   Left Wing                Right Wing               Time % Phy DF OF 
 1 Ryan Carter              Robbie Earl              Martins Karsums          60     1   2  2  
 2 Zac Dalpe                Jamie Benn               Ben Smith                40     1   2  2  

PowerPlay Defense
   Defense                  Defense                                           Time % Phy DF OF 
 1 Noah Welch               Mathieu Carle                                     60     1   2  2  
 2 John Klingberg           Matt Corrente                                     40     1   2  2  

Penalty Kill 4 Players Forward 
   Center                   Wing                     Time % Phy DF OF 
 1 Robbie Earl              Ryan Carter              60     1   2  2  
 2 Martins Karsums          Ben Smith                40     1   2  2  

Penalty Kill 4 Players Defense
   Defense                  Defense                  Time % Phy DF OF 
 1 Noah Welch               Mathieu Carle            60     1   2  2  
 2 John Klingberg           Matt Corrente            40     1   2  2  

Penalty Kill - 3 Players Forward 
   Forward                                           Time % Phy DF OF 
 1 Robbie Earl                                       60     1   2  2  
 2 Ryan Carter                                       40     1   2  2  

Penalty Kill - 3 Players Defense
   Defense                  Defense                  Time % Phy DF OF 
 1 Noah Welch               Mathieu Carle            60     1   2  2  
 2 John Klingberg           Matt Corrente            40     1   2  2  

4 vs 4 Forward 
   Center                   Wing                     Time % Phy DF OF 
 1 Robbie Earl              Ryan Carter              60     1   2  2  
 2 Martins Karsums          Ben Smith                40     1   2  2  

4 vs 4 Defense
   Defense                  Defense                  Time % Phy DF OF 
 1 Noah Welch               Mathieu Carle            60     1   2  2  
 2 John Klingberg           Matt Corrente            40     1   2  2  

Last Minutes Offensive
   Center                   Left Wing                Right Wing               Defense                  Defense                  
   Ryan Carter              Robbie Earl              Martins Karsums          Noah Welch               Mathieu Carle            

Last Minutes Defensive
   Center                   Left Wing                Right Wing               Defense                  Defense                  
   Ryan Carter              Robbie Earl              Martins Karsums          Noah Welch               Mathieu Carle            

Goaltenders
Starting : Alex Stalock             
Backup : Thomas McCollum          

Extra Forwards
Normal : T.J Galiardi, Jeremy Morin, Evgeny Grachev - PP : T.J Galiardi, Jeremy Morin - PK : Evgeny Grachev
Extra Defensemen
Normal : Carl Gunnarsson, Brian Salcido, John Klingberg - PP : Carl Gunnarsson - PK : Brian Salcido, John Klingberg
Penalty Shots
Robbie Earl, Ryan Carter, Martins Karsums, Ben Smith, Jamie Benn

% Time on Ice - Sewer Rats

Lines # - Real PCT - Wanted PCT - Time Play
Normal Forward
1 - 39% - 40% - 17:06
2 - 27% - 30% - 11:54
3 - 20% - 20% - 9:00
4 - 14% - 10% - 6:11
Normal Defense
1 - 38% - 40% - 16:46
2 - 32% - 30% - 14:16
3 - 22% - 20% - 9:31
4 - 8% - 10% - 3:38
PP Forward
1 - 61% - 60% - 6:17
2 - 39% - 40% - 4:00
PP Defense
1 - 69% - 60% - 7:07
2 - 31% - 40% - 3:10
PK Forward
1 - 81% - 60% - 4:30
2 - 19% - 40% - 1:02
PK Defense
1 - 58% - 60% - 3:12
2 - 42% - 40% - 2:20
PK3 Forward
1 - 0% - 60%
2 - 0% - 40%
PK3 Defense
1 - 0% - 60%
2 - 0% - 40%
44 Forward
1 - 0% - 60%
2 - 0% - 40%
44 Defense
1 - 0% - 60%
2 - 0% - 40%
Last Minute Offensive  - 0:00
Last Minute Defensive  - 0:00
Total
Forward - 60:00
Defense - 60:00

% Time on Ice - Influenza

Lines # - Real PCT - Wanted PCT - Time Play
Normal Forward
1 - 39% - 40% - 17:21
2 - 29% - 30% - 12:41
3 - 19% - 20% - 8:25
4 - 13% - 10% - 5:44
Normal Defense
1 - 44% - 40% - 19:15
2 - 31% - 30% - 13:44
3 - 20% - 20% - 9:01
4 - 5% - 10% - 2:11
PP Forward
1 - 52% - 60% - 2:53
2 - 48% - 40% - 2:39
PP Defense
1 - 57% - 60% - 3:10
2 - 43% - 40% - 2:22
PK Forward
1 - 73% - 60% - 6:17
2 - 28% - 40% - 2:23
PK Defense
1 - 60% - 60% - 5:11
2 - 40% - 40% - 3:29
PK3 Forward
1 - 100% - 60% - 1:37
2 - 0% - 40% - 0:00
PK3 Defense
1 - 63% - 60% - 1:01
2 - 37% - 40% - 0:36
44 Forward
1 - 0% - 60%
2 - 0% - 40%
44 Defense
1 - 0% - 60%
2 - 0% - 40%
Last Minute Offensive  - 0:00
Last Minute Defensive  - 0:00
Total
Forward - 60:00
Defense - 60:00

Play by Play

1st period


0:01 of 1st period - Peter Mueller wins face-off versus Ryan Carter in neutral zone.
0:16 of 1st period - Snap shot by Martins Karsums.
0:16 of 1st period - Stopped by Martin Biron with a rebound.
1:35 of 1st period - Wrist shot by Ryan Russell.
1:35 of 1st period - Stopped by Martin Biron with a rebound.
1:38 of 1st period - Icing by Steven Kampfer.
1:39 of 1st period - Peter Mueller wins face-off versus Zac Dalpe in Sewer Rats zone.
1:39 of 1st period - Peter Mueller is hit by Jamie Benn.
1:54 of 1st period - Minor Penalty to Carl Gunnarsson for Hooking.
1:55 of 1st period - Peter Mueller wins face-off versus Robbie Earl in Influenza zone.
1:55 of 1st period - Wrist shot by Ville Leino.
1:55 of 1st period - Shot Misses the Net.
2:13 of 1st period - John-Michael Liles is hit by Noah Welch and loses puck.
3:54 of 1st period - Penalty to Carl Gunnarsson is over, Carl Gunnarsson is back on ice.
5:18 of 1st period - Snap shot by Ryan Carter.
5:18 of 1st period - Stopped by Martin Biron with a rebound.
5:20 of 1st period - Wrist shot by Robbie Earl.
5:20 of 1st period - Deflect By Ryan Carter.
5:20 of 1st period - Shot Blocked by Jonathan Paiement.
5:20 of 1st period - Puck is out of play.
5:21 of 1st period - Martins Karsums wins face-off versus Jonathan Marchessault in Sewer Rats zone.
5:32 of 1st period - Wrist shot by Martins Karsums.
5:32 of 1st period - Shot Misses the Net.
5:34 of 1st period - Snap shot by Ryan Carter.
5:34 of 1st period - Shot Blocked by Tim Ramholt.
6:18 of 1st period - Snap shot by T.J Galiardi.
6:18 of 1st period - Stopped by Martin Biron without a rebound.
6:19 of 1st period - Martins Karsums wins face-off versus Ville Leino in Sewer Rats zone.
6:49 of 1st period - Backhand shot by Ben Smith.
6:49 of 1st period - Stopped by Martin Biron with a rebound.
6:55 of 1st period - Snap shot by Vojtech Polak.
6:55 of 1st period - Stopped by Alex Stalock without a rebound.
6:56 of 1st period - Peter Mueller wins face-off versus Ryan Carter in Influenza zone.
7:09 of 1st period - Backhand shot by Ryan Carter.
7:09 of 1st period - Stopped by Martin Biron without a rebound.
7:10 of 1st period - Peter Mueller wins face-off versus Martins Karsums in Sewer Rats zone.
7:10 of 1st period - Peter Mueller is hit by Noah Welch.
7:35 of 1st period - Robbie Earl is hit by Tim Ramholt.
7:48 of 1st period - Wrist shot by Martins Karsums.
7:48 of 1st period - Shot Misses the Net.
7:52 of 1st period - Slapshot by Martins Karsums.
7:52 of 1st period - Goal by Martins Karsums - Sewer Rats : 0 - Influenza : 1.
7:53 of 1st period - Peter Mueller wins face-off versus Zac Dalpe in neutral zone.
8:23 of 1st period - Wrist shot by Evgeny Grachev.
8:23 of 1st period - Shot Misses the Net.
8:29 of 1st period - Slapshot by Mark Mancari.
8:29 of 1st period - Goal by Mark Mancari - Sewer Rats : 1 - Influenza : 1.
8:30 of 1st period - Peter Mueller wins face-off versus Ryan Carter in neutral zone.
8:32 of 1st period - Off-side.
8:33 of 1st period - Ryan Carter wins face-off versus Peter Mueller in neutral zone.
8:50 of 1st period - Ryan Carter is hit by Ville Leino and loses puck.
9:11 of 1st period - Snap shot by Kyle Turris.
9:11 of 1st period - Stopped by Alex Stalock with a rebound.
9:13 of 1st period - Slapshot by Steven Kampfer.
9:13 of 1st period - Stopped by Alex Stalock without a rebound.
9:14 of 1st period - Kyle Turris wins face-off versus Evgeny Grachev in Influenza zone.
9:15 of 1st period - Snap shot by Vojtech Polak.
9:15 of 1st period - Stopped by Alex Stalock with a rebound.
9:50 of 1st period - Snap shot by Nick Palmieri.
9:50 of 1st period - Stopped by Alex Stalock without a rebound.
9:51 of 1st period - Kyle Turris wins face-off versus Zac Dalpe in Influenza zone.
10:27 of 1st period - Slapshot by Martins Karsums.
10:27 of 1st period - Goal by Martins Karsums - Sewer Rats : 1 - Influenza : 2.
10:28 of 1st period - Robbie Earl wins face-off versus Peter Mueller in neutral zone.
11:15 of 1st period - Slapshot by Jared Boll.
11:15 of 1st period - Shot Misses the Net.
11:17 of 1st period - Snap shot by Jonathan Paiement.
11:17 of 1st period - Shot Misses the Net.
11:23 of 1st period - Wrist shot by Lars Eller.
11:23 of 1st period - Goal by Lars Eller - Sewer Rats : 2 - Influenza : 2.
11:24 of 1st period - Peter Mueller wins face-off versus Ryan Carter in neutral zone.
11:37 of 1st period - Wrist shot by Ryan Carter.
11:37 of 1st period - Goal by Ryan Carter - Sewer Rats : 2 - Influenza : 3.
11:38 of 1st period - Jared Boll wins face-off versus Ryan Carter in neutral zone.
11:43 of 1st period - Snap shot by Jared Boll.
11:43 of 1st period - Shot Misses the Net.
11:49 of 1st period - Wrist shot by Jared Boll.
11:49 of 1st period - Shot Misses the Net.
11:53 of 1st period - Snap shot by Patrick Bordeleau.
11:53 of 1st period - Shot Blocked by Robbie Earl.
12:03 of 1st period - Vojtech Polak is hit by Noah Welch and loses puck.
12:09 of 1st period - Off-side.
12:10 of 1st period - Peter Mueller wins face-off versus Zac Dalpe in neutral zone.
12:22 of 1st period - Slapshot by Ben Smith.
12:22 of 1st period - Stopped by Martin Biron with a rebound.
12:24 of 1st period - Slapshot by Jamie Benn.
12:24 of 1st period - Stopped by Martin Biron with a rebound.
12:26 of 1st period - Slapshot by Carl Gunnarsson.
12:26 of 1st period - Shot Hit the Post.
12:53 of 1st period - Off-side.
12:54 of 1st period - Evgeny Grachev wins face-off versus Kyle Turris in neutral zone.
12:57 of 1st period - Tim Ramholt is hit by Evgeny Grachev and loses puck.
13:20 of 1st period - Lars Eller is hit by Robbie Earl and loses puck.
13:25 of 1st period - Snap shot by Martins Karsums.
13:25 of 1st period - Goal by Martins Karsums - Sewer Rats : 2 - Influenza : 4.
13:25 of 1st period - Richard Bachman enters game.
13:26 of 1st period - Kyle Turris wins face-off versus Charlie Coyle in neutral zone.
13:37 of 1st period - Snap shot by Mathieu Carle.
13:37 of 1st period - Deflect By Vojtech Polak.
13:37 of 1st period - Stopped by Richard Bachman with a rebound.
13:45 of 1st period - Noah Welch is hit by Mark Mancari and loses puck.
14:06 of 1st period - Wrist shot by Peter Mueller.
14:06 of 1st period - Shot Blocked by Martins Karsums.
14:28 of 1st period - Wrist shot by Evgeny Grachev.
14:28 of 1st period - Shot Blocked by Jonathan Paiement.
14:30 of 1st period - Slapshot by John Klingberg.
14:30 of 1st period - Shot Blocked by Jonathan Paiement.
15:43 of 1st period - Evgeny Grachev is hit by Jared Boll and loses puck.
17:13 of 1st period - Wrist shot by Evgeny Grachev.
17:13 of 1st period - Deflect By T.J Galiardi.
17:13 of 1st period - Shot Misses the Net.
17:13 of 1st period - Puck is out of play.
17:14 of 1st period - Peter Mueller wins face-off versus Evgeny Grachev in Sewer Rats zone.
17:21 of 1st period - Wrist shot by Evgeny Grachev.
17:21 of 1st period - Stopped by Richard Bachman without a rebound.
17:22 of 1st period - Zac Dalpe wins face-off versus Peter Mueller in Sewer Rats zone.
17:29 of 1st period - Snap shot by Jamie Benn.
17:29 of 1st period - Shot Misses the Net.
17:35 of 1st period - Snap shot by Ben Smith.
17:35 of 1st period - Shot Misses the Net.
17:37 of 1st period - Slapshot by Carl Gunnarsson.
17:37 of 1st period - Stopped by Richard Bachman without a rebound.
17:38 of 1st period - Ryan Carter wins face-off versus Kyle Turris in Sewer Rats zone.
17:39 of 1st period - Wrist shot by Robbie Earl.
17:39 of 1st period - Shot Misses the Net.
17:51 of 1st period - Wrist shot by Vojtech Polak.
17:51 of 1st period - Shot Blocked by Ryan Carter.
18:28 of 1st period - Snap shot by Evgeny Grachev.
18:28 of 1st period - Shot Misses the Net.
18:30 of 1st period - Snap shot by Noah Welch.
18:30 of 1st period - Shot Misses the Net.
18:32 of 1st period - Slapshot by Mathieu Carle.
18:32 of 1st period - Stopped by Richard Bachman with a rebound.
19:06 of 1st period - Minor Penalty to Matt Corrente for Slashing.
19:07 of 1st period - Peter Mueller wins face-off versus Robbie Earl in Influenza zone.
19:20 of 1st period - Slapshot by Peter Mueller.
19:20 of 1st period - Shot Blocked by John Klingberg.
19:22 of 1st period - Slapshot by Tim Ramholt.
19:22 of 1st period - Shot Misses the Net.
19:28 of 1st period - Minor Penalty to Robbie Earl for Hooking.
19:29 of 1st period - Peter Mueller wins face-off versus Evgeny Grachev in Influenza zone.
19:34 of 1st period - Wrist shot by Ville Leino.
19:34 of 1st period - Shot Misses the Net.
Goals for this period are 2 for Sewer Rats vs 4 for Influenza.
Shots for this period are 7 for Sewer Rats vs 16 for Influenza.

2nd period


0:01 of 2nd period - Evgeny Grachev wins face-off versus Ville Leino in neutral zone.
0:42 of 2nd period - Wrist shot by Kyle Turris.
0:42 of 2nd period - Stopped by Alex Stalock without a rebound.
0:43 of 2nd period - Charlie Coyle wins face-off versus Kyle Turris in Influenza zone.
0:43 of 2nd period - Charlie Coyle is hit by Kyle Turris.
0:55 of 2nd period - Wrist shot by Kyle Turris.
0:55 of 2nd period - Shot Blocked by Mathieu Carle.
1:06 of 2nd period - Penalty to Matt Corrente is over, Matt Corrente is back on ice.
1:07 of 2nd period - Snap shot by Peter Mueller.
1:07 of 2nd period - Shot Misses the Net.
1:09 of 2nd period - Wrist shot by Peter Mueller.
1:09 of 2nd period - Shot Misses the Net.
1:11 of 2nd period - Slapshot by John-Michael Liles.
1:11 of 2nd period - Stopped by Alex Stalock without a rebound.
1:12 of 2nd period - Evgeny Grachev wins face-off versus Peter Mueller in Influenza zone.
1:23 of 2nd period - Slapshot by John-Michael Liles.
1:23 of 2nd period - Deflect By John Klingberg.
1:23 of 2nd period - Stopped by Alex Stalock with a rebound.
1:25 of 2nd period - Snap shot by Nick Palmieri.
1:25 of 2nd period - Stopped by Alex Stalock without a rebound.
1:26 of 2nd period - Peter Mueller wins face-off versus Evgeny Grachev in Influenza zone.
1:28 of 2nd period - Penalty to Robbie Earl is over, Robbie Earl is back on ice.
1:31 of 2nd period - Slapshot by Ville Leino.
1:31 of 2nd period - Stopped by Alex Stalock with a rebound.
1:33 of 2nd period - Slapshot by Ville Leino.
1:33 of 2nd period - Goal by Ville Leino - Sewer Rats : 3 - Influenza : 4.
1:34 of 2nd period - Peter Mueller wins face-off versus Ryan Carter in neutral zone.
1:45 of 2nd period - Wrist shot by Peter Mueller.
1:45 of 2nd period - Stopped by Alex Stalock without a rebound.
1:46 of 2nd period - Ryan Carter wins face-off versus Peter Mueller in Influenza zone.
1:58 of 2nd period - Snap shot by Peter Mueller.
1:58 of 2nd period - Stopped by Alex Stalock with a rebound.
2:00 of 2nd period - Slapshot by Ville Leino.
2:00 of 2nd period - Stopped by Alex Stalock with a rebound.
2:02 of 2nd period - Slapshot by John-Michael Liles.
2:02 of 2nd period - Shot Blocked by Robbie Earl.
2:12 of 2nd period - Slapshot by Jared Boll.
2:12 of 2nd period - Stopped by Alex Stalock without a rebound.
2:13 of 2nd period - Lars Eller wins face-off versus Zac Dalpe in Influenza zone.
2:38 of 2nd period - Ville Leino is hit by Jeremy Morin and loses puck.
3:05 of 2nd period - Wrist shot by Kyle Turris.
3:05 of 2nd period - Shot Blocked by Ryan Carter.
3:07 of 2nd period - Wrist shot by Kyle Turris.
3:07 of 2nd period - Shot Misses the Net.
3:09 of 2nd period - Snap shot by Kyle Turris.
3:09 of 2nd period - Stopped by Alex Stalock with a rebound.
3:49 of 2nd period - Snap shot by John-Michael Liles.
3:49 of 2nd period - Deflect By Mathieu Carle.
3:49 of 2nd period - Stopped by Alex Stalock with a rebound.
3:58 of 2nd period - Off-side.
3:59 of 2nd period - Zac Dalpe wins face-off versus Kyle Turris in neutral zone.
4:01 of 2nd period - Minor Penalty to Ben Smith for Slashing.
4:02 of 2nd period - Robbie Earl wins face-off versus Peter Mueller in Influenza zone.
4:28 of 2nd period - Martins Karsums is hit by Vojtech Polak and loses puck.
5:07 of 2nd period - Slapshot by Jamie Benn.
5:07 of 2nd period - Stopped by Richard Bachman without a rebound.
5:08 of 2nd period - Kyle Turris wins face-off versus Robbie Earl in Sewer Rats zone.
5:08 of 2nd period - Kyle Turris is hit by Mathieu Carle.
6:01 of 2nd period - Penalty to Ben Smith is over, Ben Smith is back on ice.
6:09 of 2nd period - Snap shot by Lars Eller.
6:09 of 2nd period - Goal by Lars Eller - Sewer Rats : 4 - Influenza : 4.
6:10 of 2nd period - Zac Dalpe wins face-off versus Peter Mueller in neutral zone.
6:10 of 2nd period - Zac Dalpe is hit by Peter Mueller.
6:13 of 2nd period - John Klingberg is hit by Ville Leino and loses puck.
6:29 of 2nd period - John Klingberg is hit by John-Michael Liles and loses puck.
6:41 of 2nd period - Off-side.
6:42 of 2nd period - Ryan Carter wins face-off versus Kyle Turris in neutral zone.
6:52 of 2nd period - Slapshot by Kyle Quincey.
6:52 of 2nd period - Shot Misses the Net.
8:35 of 2nd period - Wrist shot by Lars Eller.
8:35 of 2nd period - Shot Misses the Net.
8:37 of 2nd period - Slapshot by John-Michael Liles.
8:37 of 2nd period - Deflect By Lars Eller.
8:37 of 2nd period - Shot Misses the Net.
8:37 of 2nd period - Puck is out of play.
8:38 of 2nd period - Zac Dalpe wins face-off versus Peter Mueller in Influenza zone.
8:44 of 2nd period - John Klingberg is hit by Jonathan Paiement and loses puck.
9:10 of 2nd period - Snap shot by Mark Mancari.
9:10 of 2nd period - Stopped by Alex Stalock without a rebound.
9:11 of 2nd period - Ryan Carter wins face-off versus Nick Palmieri in Influenza zone.
9:13 of 2nd period - Minor Penalty to Ryan Carter for Holding.
9:14 of 2nd period - Robbie Earl wins face-off versus Peter Mueller in Influenza zone.
9:22 of 2nd period - Noah Welch is hit by Peter Mueller and loses puck.
10:16 of 2nd period - Matt Corrente is hit by Kyle Quincey and loses puck.
10:19 of 2nd period - Snap shot by Matt Corrente.
10:19 of 2nd period - Stopped by Richard Bachman without a rebound.
10:20 of 2nd period - Peter Mueller wins face-off versus Charlie Coyle in Sewer Rats zone.
10:55 of 2nd period - Ville Leino is hit by Ben Smith and loses puck.
11:13 of 2nd period - Penalty to Ryan Carter is over, Ryan Carter is back on ice.
11:23 of 2nd period - Ryan Carter is hit by Lars Eller and loses puck.
11:40 of 2nd period - Snap shot by Robbie Earl.
11:40 of 2nd period - Shot Blocked by Tom Sestito.
11:42 of 2nd period - Snap shot by Evgeny Grachev.
11:42 of 2nd period - Shot Misses the Net.
12:04 of 2nd period - Wrist shot by Zac Dalpe.
12:04 of 2nd period - Shot Misses the Net.
13:35 of 2nd period - Ryan Russell is hit by Lars Eller.
14:50 of 2nd period - Icing by Ben Smith.
14:51 of 2nd period - Zac Dalpe wins face-off versus Jonathan Marchessault in Influenza zone.
15:31 of 2nd period - Minor Penalty to Kyle Turris for Interference.
15:32 of 2nd period - Ryan Carter wins face-off versus Ville Leino in Sewer Rats zone.
16:03 of 2nd period - Wrist shot by Zac Dalpe.
16:03 of 2nd period - Shot Misses the Net.
16:19 of 2nd period - Snap shot by Tim Ramholt.
16:19 of 2nd period - Shot Blocked by Martins Karsums.
16:21 of 2nd period - Snap shot by Peter Mueller.
16:21 of 2nd period - Shot Misses the Net.
16:23 of 2nd period - Wrist shot by Mark Mancari.
16:23 of 2nd period - Shot Misses the Net.
16:25 of 2nd period - Snap shot by Mark Mancari.
16:25 of 2nd period - Shot Misses the Net.
16:27 of 2nd period - Snap shot by Peter Mueller.
16:27 of 2nd period - Stopped by Alex Stalock without a rebound.
16:28 of 2nd period - Zac Dalpe wins face-off versus Ville Leino in Influenza zone.
17:18 of 2nd period - Noah Welch is hit by Mark Mancari and loses puck.
17:31 of 2nd period - Penalty to Kyle Turris is over, Kyle Turris is back on ice.
18:39 of 2nd period - Slapshot by Kyle Quincey.
18:39 of 2nd period - Shot Blocked by John Klingberg.
18:53 of 2nd period - Lars Eller is hit by Evgeny Grachev and loses puck.
19:51 of 2nd period - Snap shot by T.J Galiardi.
19:51 of 2nd period - Stopped by Richard Bachman without a rebound.
19:52 of 2nd period - Zac Dalpe wins face-off versus Jonathan Marchessault in Sewer Rats zone.
Goals for this period are 2 for Sewer Rats vs 0 for Influenza.
Shots for this period are 15 for Sewer Rats vs 3 for Influenza.

3rd period


0:01 of 3rd period - Kyle Turris wins face-off versus Ryan Carter in neutral zone.
0:10 of 3rd period - Snap shot by Ryan Carter.
0:10 of 3rd period - Stopped by Richard Bachman without a rebound.
0:11 of 3rd period - Peter Mueller wins face-off versus Ryan Carter in Sewer Rats zone.
0:26 of 3rd period - Ville Leino is hit by Robbie Earl and loses puck.
0:39 of 3rd period - Snap shot by Vojtech Polak.
0:39 of 3rd period - Stopped by Alex Stalock without a rebound.
0:40 of 3rd period - Kyle Turris wins face-off versus Zac Dalpe in Influenza zone.
0:43 of 3rd period - Snap shot by Mark Mancari.
0:43 of 3rd period - Shot Blocked by Matt Corrente.
1:05 of 3rd period - Kyle Quincey is hit by Jeremy Morin and loses puck.
1:18 of 3rd period - Wrist shot by Evgeny Grachev.
1:18 of 3rd period - Shot Blocked by Matt Lashoff.
1:30 of 3rd period - Wrist shot by Peter Mueller.
1:30 of 3rd period - Goal by Peter Mueller - Sewer Rats : 5 - Influenza : 4.
1:31 of 3rd period - Ryan Carter wins face-off versus Peter Mueller in neutral zone.
1:31 of 3rd period - Mathieu Carle is hit by Nick Palmieri and loses puck.
2:05 of 3rd period - Snap shot by John Klingberg.
2:05 of 3rd period - Shot Misses the Net.
2:21 of 3rd period - Kyle Quincey is hit by John Klingberg and loses puck.
2:40 of 3rd period - Snap shot by Corey Tropp.
2:40 of 3rd period - Stopped by Richard Bachman with a rebound.
3:04 of 3rd period - Wrist shot by Peter Mueller.
3:04 of 3rd period - Shot Blocked by Noah Welch.
3:18 of 3rd period - Matt Lashoff is hit by Ben Smith and loses puck.
3:31 of 3rd period - Snap shot by Ben Smith.
3:31 of 3rd period - Stopped by Richard Bachman with a rebound.
4:26 of 3rd period - Off-side.
4:27 of 3rd period - Peter Mueller wins face-off versus Ryan Carter in neutral zone.
4:34 of 3rd period - Snap shot by Ville Leino.
4:34 of 3rd period - Stopped by Alex Stalock without a rebound.
4:35 of 3rd period - Ryan Carter wins face-off versus Peter Mueller in Influenza zone.
4:40 of 3rd period - Slapshot by Robbie Earl.
4:40 of 3rd period - Shot Blocked by Nick Palmieri.
4:42 of 3rd period - Slapshot by Noah Welch.
4:42 of 3rd period - Deflect By Ryan Carter.
4:42 of 3rd period - Goal by Ryan Carter - Sewer Rats : 5 - Influenza : 5.
4:43 of 3rd period - Peter Mueller wins face-off versus Ryan Carter in neutral zone.
4:50 of 3rd period - Snap shot by Ville Leino.
4:50 of 3rd period - Shot Misses the Net.
5:58 of 3rd period - Snap shot by Lars Eller.
5:58 of 3rd period - Stopped by Alex Stalock with a rebound.
6:00 of 3rd period - Snap shot by Lars Eller.
6:00 of 3rd period - Stopped by Alex Stalock without a rebound.
6:01 of 3rd period - Ryan Carter wins face-off versus Lars Eller in Influenza zone.
6:26 of 3rd period - Peter Mueller is hit by Evgeny Grachev and loses puck.
6:32 of 3rd period - Off-side.
6:33 of 3rd period - Peter Mueller wins face-off versus Evgeny Grachev in neutral zone.
7:17 of 3rd period - Martins Karsums is hit by Jared Boll and loses puck.
7:28 of 3rd period - Slapshot by Martins Karsums.
7:28 of 3rd period - Shot Blocked by Tim Ramholt.
7:30 of 3rd period - Slapshot by Carl Gunnarsson.
7:30 of 3rd period - Deflect By Martins Karsums.
7:30 of 3rd period - Shot Misses the Net.
7:30 of 3rd period - Puck is out of play.
7:31 of 3rd period - Ville Leino wins face-off versus Zac Dalpe in Sewer Rats zone.
8:02 of 3rd period - Slapshot by Ben Smith.
8:02 of 3rd period - Stopped by Richard Bachman without a rebound.
8:03 of 3rd period - Ryan Carter wins face-off versus Jonathan Marchessault in Sewer Rats zone.
8:04 of 3rd period - Slapshot by Martins Karsums.
8:04 of 3rd period - Stopped by Richard Bachman with a rebound.
8:14 of 3rd period - Snap shot by Derek Dorsett.
8:14 of 3rd period - Deflect By Jonathan Marchessault.
8:14 of 3rd period - Shot Misses the Net.
8:14 of 3rd period - Puck is out of play.
8:15 of 3rd period - Peter Mueller wins face-off versus Ryan Carter in Influenza zone.
8:26 of 3rd period - Snap shot by Ville Leino.
8:26 of 3rd period - Stopped by Alex Stalock with a rebound.
8:28 of 3rd period - Backhand shot by Nick Palmieri.
8:28 of 3rd period - Shot Misses the Net.
8:30 of 3rd period - Wrist shot by Nick Palmieri.
8:30 of 3rd period - Shot Misses the Net.
8:47 of 3rd period - Slapshot by Jamie Benn.
8:47 of 3rd period - Shot Blocked by Kyle Turris.
8:49 of 3rd period - Snap shot by Ben Smith.
8:49 of 3rd period - Stopped by Richard Bachman with a rebound.
9:01 of 3rd period - Jared Boll is hit by Matt Corrente and loses puck.
9:08 of 3rd period - Snap shot by T.J Galiardi.
9:08 of 3rd period - Shot Misses the Net.
9:10 of 3rd period - Slapshot by Matt Corrente.
9:10 of 3rd period - Stopped by Richard Bachman without a rebound.
9:11 of 3rd period - Ryan Carter wins face-off versus Peter Mueller in Sewer Rats zone.
9:14 of 3rd period - Snap shot by Ryan Carter.
9:14 of 3rd period - Shot Misses the Net.
9:16 of 3rd period - Snap shot by Matt Corrente.
9:16 of 3rd period - Stopped by Richard Bachman with a rebound.
9:18 of 3rd period - Snap shot by Ryan Carter.
9:18 of 3rd period - Stopped by Richard Bachman with a rebound.
9:20 of 3rd period - Snap shot by Martins Karsums.
9:20 of 3rd period - Deflect By Ryan Carter.
9:20 of 3rd period - Shot Misses the Net.
9:20 of 3rd period - Puck is out of play.
9:21 of 3rd period - Ryan Carter wins face-off versus Peter Mueller in Sewer Rats zone.
9:30 of 3rd period - Wrist shot by Martins Karsums.
9:30 of 3rd period - Goal by Martins Karsums - Sewer Rats : 5 - Influenza : 6.
9:31 of 3rd period - Ryan Carter wins face-off versus Kyle Turris in neutral zone.
9:57 of 3rd period - Tim Ramholt is hit by Jamie Benn and loses puck.
11:17 of 3rd period - Snap shot by Ryan Russell.
11:17 of 3rd period - Shot Blocked by Steven Kampfer.
11:19 of 3rd period - Wrist shot by John Klingberg.
11:19 of 3rd period - Stopped by Richard Bachman with a rebound.
11:21 of 3rd period - Slapshot by John Klingberg.
11:21 of 3rd period - Stopped by Richard Bachman with a rebound.
11:23 of 3rd period - Snap shot by Corey Tropp.
11:23 of 3rd period - Shot Hit the Post.
11:35 of 3rd period - Snap shot by Ryan Russell.
11:35 of 3rd period - Stopped by Richard Bachman without a rebound.
11:36 of 3rd period - Kyle Turris wins face-off versus Ryan Carter in Sewer Rats zone.
12:03 of 3rd period - Snap shot by Evgeny Grachev.
12:03 of 3rd period - Stopped by Richard Bachman with a rebound.
12:07 of 3rd period - Snap shot by Evgeny Grachev.
12:07 of 3rd period - Shot Misses the Net.
12:09 of 3rd period - Slapshot by Carl Gunnarsson.
12:09 of 3rd period - Shot Misses the Net.
12:11 of 3rd period - Snap shot by Evgeny Grachev.
12:11 of 3rd period - Stopped by Richard Bachman with a rebound.
12:13 of 3rd period - Slapshot by T.J Galiardi.
12:13 of 3rd period - Goal by T.J Galiardi - Sewer Rats : 5 - Influenza : 7.
12:14 of 3rd period - Ryan Carter wins face-off versus Peter Mueller in neutral zone.
12:28 of 3rd period - Snap shot by Ville Leino.
12:28 of 3rd period - Shot Misses the Net.
12:30 of 3rd period - Minor Penalty to Mathieu Carle for Slashing.
12:31 of 3rd period - Ryan Carter wins face-off versus Peter Mueller in Influenza zone.
14:30 of 3rd period - Penalty to Mathieu Carle is over, Mathieu Carle is back on ice.
14:36 of 3rd period - Slapshot by Tim Ramholt.
14:36 of 3rd period - Shot Misses the Net.
14:38 of 3rd period - Snap shot by Jonathan Marchessault.
14:38 of 3rd period - Stopped by Alex Stalock with a rebound.
14:40 of 3rd period - Snap shot by Jared Boll.
14:40 of 3rd period - Deflect By Derek Dorsett.
14:40 of 3rd period - Stopped by Alex Stalock with a rebound.
15:42 of 3rd period - Snap shot by T.J Galiardi.
15:42 of 3rd period - Stopped by Richard Bachman with a rebound.
15:44 of 3rd period - Slapshot by Evgeny Grachev.
15:44 of 3rd period - Goal by Evgeny Grachev - Sewer Rats : 5 - Influenza : 8.
15:45 of 3rd period - Kyle Turris wins face-off versus Ryan Carter in neutral zone.
15:52 of 3rd period - John Klingberg is hit by Matt Lashoff and loses puck.
15:59 of 3rd period - Mark Mancari is hit by Robbie Earl and loses puck.
16:15 of 3rd period - Backhand shot by Noah Welch.
16:15 of 3rd period - Stopped by Richard Bachman with a rebound.
16:25 of 3rd period - Minor Penalty to Nick Palmieri for Interference.
16:26 of 3rd period - Ville Leino wins face-off versus Ryan Carter in Sewer Rats zone.
16:26 of 3rd period - Ville Leino is hit by Martins Karsums.
16:40 of 3rd period - Tim Ramholt is hit by Martins Karsums and loses puck.
16:57 of 3rd period - Slapshot by Mathieu Carle.
16:57 of 3rd period - Shot Misses the Net.
17:20 of 3rd period - Kyle Quincey is hit by Ben Smith and loses puck.
17:27 of 3rd period - Slapshot by Ben Smith.
17:27 of 3rd period - Shot Misses the Net.
17:43 of 3rd period - Slapshot by Zac Dalpe.
17:43 of 3rd period - Stopped by Richard Bachman without a rebound.
17:44 of 3rd period - Robbie Earl wins face-off versus Kyle Turris in Sewer Rats zone.
18:07 of 3rd period - Slapshot by Kyle Quincey.
18:07 of 3rd period - Shot Blocked by John Klingberg.
18:26 of 3rd period - Minor Penalty to Kyle Quincey for Holding.
18:27 of 3rd period - Ville Leino wins face-off versus Zac Dalpe in Sewer Rats zone.
19:17 of 3rd period - Ben Smith is hit by Matt Lashoff and loses puck.
19:50 of 3rd period - Martins Karsums is hit by Lars Eller and loses puck.
Goals for this period are 1 for Sewer Rats vs 4 for Influenza.
Shots for this period are 8 for Sewer Rats vs 21 for Influenza.